 Dungeon Crawl Stone Soup version 0.30-a0-847-g17996783a1 (webtiles) character file.

Game seed: 12005790763418179242

248 qeuew the Shooter (level 6, -4/47 HPs)
             Began as a Formicid Hunter on Mar 3, 2023.
             Was a Follower of Dithmenos.
             Slain by Edmund
             ... wielding a +2 heavy flail
              (22 damage)
             ... on level 4 of the Dungeon.
             The game lasted 00:03:21 (2742 turns).

qeuew the Shooter (Formicid Hunter)                 Turns: 2742, Time: 00:03:22

Health: -4/47      AC:  8    Str: 15    XL:     6   Next: 34%
Magic:  0/6        EV: 12    Int:  9    God:    Dithmenos [*.....]
Gold:   110        SH:  0    Dex: 19    Spells: 5/5 levels left

rFire   . . .      SeeInvis +    a - +0 shortbow
rCold   . . .      Faith    .    (no shield)
rNeg    . . .      Spirit   +    e - +3 ring mail
rPois   .          Reflect  .    (helmet unavailable)
rElec   .          Rampage  .    (no cloak)
rCorr   .                        (no gloves)
Will    .....                    (no boots)
Stlth   ++                       h - amulet of guardian spirit
HPRegen 0.27/turn                (no ring)
MPRegen 0.10/turn                (no ring)

@: wreathed by umbra
A: permanent stasis, dig shafts and tunnels, antennae 3, four strong arms
a: Dig, Shaft Self, Renounce Religion


You were on level 4 of the Dungeon.
You worshipped Dithmenos.
Dithmenos was aware of your devotion.
You visited 1 branch of the dungeon, and saw 4 of its levels.

You collected 110 gold pieces.

Inventory:

Hand Weapons
 a - a +0 shortbow (weapon)
 j - a +0 short sword of venom
Armour
 e - a +3 ring mail (worn)
Jewellery
 d - a ring of poison resistance
 h - an amulet of guardian spirit (around neck)
Scrolls
 b - 2 scrolls of immolation
 g - a scroll of fear
Potions
 c - a potion of degeneration {unknown}
 f - a potion of curing
 i - a potion of invisibility {unknown}


   Skills:
 + Level 3.3 Fighting
 - Level 0.3(0.8) Short Blades
 + Level 1.1 Long Blades
 * Level 5.1 Ranged Weapons
 + Level 2.2 Armour
 + Level 2.6 Dodging
 + Level 3.1 Stealth


You had 5 spell levels left.
You didn't know any spells.
Your spell library was empty.

Dungeon Overview and Level Annotations

Branches:
Dungeon (4/15)
 Temple: D:4-7

Altars:
Dithmenos
Elyvilon
Hepliaklqana
Makhleb
Qazlal
Trog
Vehumet
Wu Jian
The Shining One

Shops:
D:4 (

Annotations:
D:4 Edmund


Innate Abilities, Weirdness & Mutations

You cannot be hasted, slowed, berserked, paralysed or teleported.
You can dig through walls and to a lower floor.
You have a pair of large antennae on your head. (SInv)
Your four strong arms can wield two-handed weapons with a shield.


Message History

You shoot an arrow. The arrow hits Edmund!
Edmund is heavily wounded.
You hear a shout!
A hobgoblin comes into view.
You shoot an arrow. The arrow hits Edmund.
Edmund is heavily wounded.
Edmund zaps a wand.
The puff of flame hits you.
You shoot an arrow. The arrow barely misses Edmund.
Edmund drinks a potion.
Edmund seems to grow stronger.
You shoot an arrow.
The arrow hits Edmund but does no damage.
Edmund is heavily wounded.
You shoot an arrow. The arrow closely misses Edmund.
The arrow hits the hobgoblin!
You kill the hobgoblin!
Dithmenos accepts your kill. Edmund hits you with a +2 heavy flail!!
You are too injured to fight recklessly!
You are too injured to fight recklessly!
You are too injured to fight recklessly!
You are too injured to fight recklessly!
Fire: a) +0 shortbow
Press: ? - help, Q - select action, (/) - cycle Shift-Dir - straight line, f/p - Edmund
Aim: Edmund, wielding a +2 heavy flail, wearing a +0 chain mail and carrying a wand of flame (14) (heavily wounded, strong, umbra, 71% to hit)
You shoot an arrow. The arrow barely misses Edmund.
Edmund zaps a wand.
The puff of flame misses you.
Fire: a) +0 shortbow
Press: ? - help, Q - select action, (/) - cycle Shift-Dir - straight line, f/p - Edmund
Aim: Edmund, wielding a +2 heavy flail, wearing a +0 chain mail and carrying a wand of flame (13) (heavily wounded, strong, umbra, 71% to hit)
You shoot an arrow. The arrow hits Edmund!
Edmund is severely wounded.
Edmund hits you with a +2 heavy flail.
Fire: a) +0 shortbow
Press: ? - help, Q - select action, (/) - cycle Shift-Dir - straight line, f/p - Edmund
Aim: Edmund, wielding a +2 heavy flail, wearing a +0 chain mail and carrying a wand of flame (13) (severely wounded, strong, umbra, 71% to hit)
You shoot an arrow.
The arrow hits Edmund but does no damage.
Edmund is severely wounded.
Edmund hits you with a +2 heavy flail!!
You die...

♣....## ♣♣♣...##
## #. ....♣♣.# . .
♣♣♣♣..P# .#.
.......# ...
.♣♣.♣♣♣#.# #.#
♣.♣§P..#.# #.#
..§§♣.♣#[# #@#
..♣P§P##.# #@#
...P.###.# #.#
##.§♣###.#######.#
#### #.......##.#
##### #.......##.#
....# #..###..##.#
)...###..+ #..##.#
.....##..###..##.#
..)..............#


You could see Edmund (strong).

Vanquished Creatures
  A phantom (D:4)
  A gnoll bouda (D:4)
  6 gnolls
  A dart slug (D:1)
  A worm (D:2)
  8 orcs
  3 ball pythons
  8 endoplasms
  A giant cockroach (D:2)
  7 goblins
  8 hobgoblins
  7 kobolds
  7 quokkas
  5 bats
  2 frilled lizards
  3 rats
69 creatures vanquished.

Vanquished Creatures (others)
  11 plants (D:4)
11 creatures vanquished.

Grand Total: 80 creatures vanquished

Notes
Turn   | Place    | Note
-------+----------+-------------------------------------------
     0 | D:1      | qeuew the Formicid Hunter began the quest for the Orb.
     0 | D:1      | Reached XP level 1. HP: 16/16 MP: 1/1
   101 | D:1      | Reached XP level 2. HP: 22/22 MP: 2/2
   538 | D:1      | Reached XP level 3. HP: 27/28 MP: 3/3
   863 | D:2      | Reached skill level 1 in Armour
  1152 | D:2      | Found a faded altar of an unknown god.
  1525 | D:3      | Reached XP level 4. HP: 34/34 MP: 4/4
  1662 | D:3      | Found a radiant altar of Vehumet.
  1663 | D:3      | Found a hazy altar of Hepliaklqana.
  1668 | D:3      | Found an ornate altar of the Wu Jian Council.
  1668 | D:3      | Found a bloodstained altar of Trog.
  1669 | D:3      | Found a burning altar of Makhleb.
  1669 | D:3      | Found a white marble altar of Elyvilon.
  1670 | D:3      | Found a shadowy altar of Dithmenos.
  1670 | D:3      | Found a stormy altar of Qazlal.
  1670 | D:3      | Found a glowing golden altar of the Shining One.
  1678 | D:3      | Became a worshipper of Dithmenos the Shadowed
  2465 | D:4      | Found Opsuj's Antique Weapon Shoppe.
  2518 | D:4      | Reached XP level 5. HP: 40/40 MP: 5/5
  2589 | D:4      | Noticed a phantom
  2594 | D:4      | Killed a phantom
  2639 | D:4      | Reached * piety under Dithmenos
  2670 | D:4      | Reached skill level 5 in Ranged Weapons
  2670 | D:4      | Reached XP level 6. HP: 47/47 MP: 6/6
  2673 | D:4      | Reached skill level 1 in Long Blades
  2730 | D:4      | Noticed Edmund
  2742 | D:4      | Slain by Edmund

Illustrated notes

Levels and vault maps discovered:
D:1:      tarquinn_simple_flora_water_d, layout_loops_ring, minmay_tromino_v4_b
D:2:      layout_loops_ring, ebering_ecumenical_altar_abandoned,
          item_on_display_a
D:3:      layout_basic, nicolae_overflows_in_rows
D:4:      wad_woods_tower, layout_loops_ring, serial_shops,
          kennysheep_mini_moat, nicolae_diamond_shop,
          nicolae_ossuary_entry_plus, uniq_edmund

Skill      XL: |  1  2  3  4  5  6 |
---------------+-------------------+-----
Dodging        | 2 |  2.6
Armour         | 1 2 |  2.2
Stealth        | 2 3 |  3.1
Fighting       | 3 |  3.3
Ranged Weapons | 5 |  5.1
Long Blades    | 1 |  1.1
Short Blades   | |  0.3

Action                     |  1- 3 |  4- 6 || total
---------------------------+-------+-------++-------
  Melee: Short sword       |       |     5 ||     5
   Fire: Shortbow          |    85 |    99 ||   184
Ability: Dig               |     7 |       ||     7
    Use: Scroll            |     1 |     6 ||     7
         Potion            |       |     1 ||     1
 Armour: Leather armour    |     1 |       ||     1
         Ring mail         |     6 |    24 ||    30
  Dodge: Dodged            |    12 |    34 ||    46

Table legend: (Time is in decaauts)
 A = Elapsed time spent in this place.
 B = Non-inter-level travel time spent in this place.
 C = Inter-level travel time spent in this place.
 D = Time resting spent in this place.
 E = Time spent auto-exploring this place.
 F = Levels seen in this place.
 G = Mean time per level.
                   A        B        C        D        E       F      G
               +--------+--------+--------+--------+--------+-----+--------+
         Total |   2807 |   2635 |    172 |    100 |   2107 |   4 |  701.8 |
       Dungeon |   2807 |   2635 |    172 |    100 |   2107 |   4 |  701.8 |
               +--------+--------+--------+--------+--------+-----+--------+

Top non-repeatable levels by time:
     D:3: 1190 daAuts
     D:1: 725 daAuts
     D:2: 590 daAuts
     D:4: 300 daAuts
